Unix NetHack Version 5.0.0-0 post-release - last build Jul 14 2026 02:55:29 (1809b74e8187c3a3585e283601c3028b46cbbdcb,branch:main).

Game began 2026-07-17 12:48:33, ended 2026-07-17 13:13:33.

CheBegorr4h, neutral male human Tourist

                                               ------
  -----     ----------         --------        |<...|         --------
  |..(|     |`........###      |......|       #|.....######## |......|   -----
  |...|     |........|  #######|......|  ##@###....{|       # |......|   |...|
  |....   ##|^.>.....|        #|.......#####   -.----       ##........###-^..|
  |...|    #-........|        #.......|   #     #            #----...|  #|...|
  |...-#####.-..------         --------         #######      #   |..^.###-----
  ---.-    #######                                    #      #   |...|
     ####        #####                                #      #   --.--
        #            #                                ##     #     #
        ##           #                            -----.-----#     #
         ####        #                            |..........#     ##
  ----------|---     #                            |..(......|    ---.---
  |............|     ####                         |.........|    |.....|
  |!.(*!!*(%.)!|        #                         -----------    |.....|
  |*)+!..!%%..!|        ##                                       |..`.$|
  |!*.[[.+.*%[.|                                                 -------
  |.).(%%.!!]%%|
  --------------

CheBegorr4h the Sightseer   St:12 Dx:12 Co:14 In:12 Wi:9 Ch:17  Neutral
Dlvl:6  $:98 HP:0(31) Pw:7(7) AC:8  Xp:3 T:2195  Blind

Latest messages:
 o - 3 crude daggers (at the ready).
 In what direction? l
 The crude dagger hits the floating eye.
 In what direction? l
 The crude dagger hits the floating eye.
 In what direction? l
 The crude dagger hits the floating eye.
 What do you want to wear? [*] ?
 Never mind.
 What do you want to put on? [wO or ?*] w
 You are now wearing a towel around your head.
 You can't see any more.
 X - a long sword (weapon in right hand).
 Wait!  There's something there you can't see!
 You miss it.
 It bites!
 You miss it.
 It bites!
 It bites!
 You hit it.
 It bites!
 You have no ammunition readied.
 What do you want to fire? [$a or ?*] <esc>
 Never mind.
 What do you want to remove? [wV or ?*] ?
 You can't.  It is cursed.
 w - a cursed towel (being worn).
 What do you want to drink? [qADE or ?*] ?
 You feel better.
 It bites!
 It bites!
 X - a long sword (weapon in right hand).
 You miss it.
 It bites!
 You have no ammunition readied.
 What do you want to fire? [$a or ?*] <esc>
 Never mind.
 What do you want to ready? [$a or ?*] a
 a - 35 blessed +2 darts (at the ready).
 In what direction? j
 The dart hits it.
 It bites!
 It bites!
 In what direction? j
 The dart hits it.
 You hear crashing rock.
 It bites!
 It bites!
 You die...
 Do you want your possessions identified? [ynq] (y) q

Inventory:
 Coins    ('$')
  $ - 98 gold pieces
 Weapons  (')')
  a - 33 blessed +2 darts (at the ready)
  X - a +1 long sword (weapon in right hand)
 Armor    ('[')
  M - an uncursed +0 orcish helm (being worn)
  h - an uncursed +1 Hawaiian shirt with a sailboat motif (being worn)
 Comestibles  ('%')
  b - 2 uncursed slime molds
  c - 9 uncursed food rations
  y - an uncursed lembas wafer
  d - an uncursed tin of dried lichen
  s - an uncursed lichen corpse
 Scrolls  ('?')
  N - an uncursed scroll of enchant weapon
  g - 4 uncursed scrolls of magic mapping
  k - an uncursed scroll of taming named ok
 Potions  ('!')
  D - a blessed potion of healing
  q - 3 uncursed potions of healing
  E - an uncursed potion of oil
  A - an uncursed potion of water named Unc
 Rings    ('=')
  O - an uncursed ring of levitation
  V - an uncursed ring of stealth (on left hand)
 Wands    ('/')
  W - a wand of striking (0:4)
 Tools    ('(')
  K - a magic harp (0:5)
  e - an uncursed credit card
  i - an expensive camera (0:99)
  L - a +0 pick-axe
  w - a cursed towel (being worn)
 Gems/Stones  ('*')
  Q - an uncursed worthless piece of blue glass
  R - an uncursed worthless piece of red glass
  S - an uncursed worthless piece of yellowish brown glass

CheBegorr4h the Tourist's attributes:

Background:
 You were a Sightseer, a level 3 male human Tourist.
 You were neutral, nominally on a mission for The Lady
 who was opposed by Blind Io (lawful) and Offler (chaotic).
 You were right-handed.
 You were in the Dungeons of Doom, on level 6.
 You entered the dungeon 2195 turns ago.
 There was a new moon in effect when your adventure ended.
 You had 78 experience points, 2 more were needed to attain level 4.

Basics:
 You had 0 out of 31 hit points.
 You had all 7 energy points (spell power).
 Your armor class was 8.
 Your wallet contained 98 zorkmids.
 Autopickup was on for '$!/(' plus thrown, with exceptions.

Final Characteristics:
 Your strength was 12 (limit:18/100).
 Your dexterity was 12 (limit:18).
 Your constitution was 14 (limit:18).
 Your intelligence was 12 (limit:18).
 Your wisdom was 9 (limit:18).
 Your charisma was 17 (limit:18).

Final Status:
 You were deliberately blind.
 You weren't hungry.
 You were unencumbered.
 You were wielding a long sword.
 You were unskilled in long sword.

Final Attributes:
 You were aligned.
 You were stealthy.
 You are dead.

Miscellaneous:
 You encountered 1 bones level.
 Total elapsed playing time was 25 minutes.

Major events:
 Turn
    1: CheBegorr4h the neutral male human Tourist entered the dungeon
  939: entered the Gnomish Mines
 1596: attained the rank of Sightseer (level 3)
 2195: killed by a little dog

You didn't know any spells.

Skills:
 Fighting Skills
   bare handed combat [Unskilled]
   two weapon combat  [Unskilled]
   riding             [Unskilled]
 Weapon Skills
   dagger             [Unskilled]
   knife              [Unskilled]
   axe                [Unskilled]
   pick-axe           [Unskilled]
   short sword        [Unskilled]
   broadsword         [Unskilled]
   long sword         [Unskilled]
   two-handed sword   [Unskilled]
   saber              [Unskilled]
   mace               [Unskilled]
   morning star       [Unskilled]
   flail              [Unskilled]
   hammer             [Unskilled]
   quarterstaff       [Unskilled]
   polearms           [Unskilled]
   spear              [Unskilled]
   trident            [Unskilled]
   lance              [Unskilled]
   bow                [Unskilled]
   sling              [Unskilled]
   crossbow           [Unskilled]
   dart               [Basic]
   shuriken           [Unskilled]
   boomerang          [Unskilled]
   whip               [Unskilled]
   unicorn horn       [Unskilled]
 Spellcasting Skills
   divination spells  [Unskilled]
   enchantment spells [Unskilled]
   escape spells      [Unskilled]

Voluntary challenges:
 Character rerolling was not enabled.
 You followed a strict vegan diet.
 You were an atheist.
 You never genocided any monsters.
 You never polymorphed an object.
 You never changed form.
 You used no wishes.
Achievements:
 You entered the Gnomish Mines.
 You entered a shop.
 You attained the rank of Sightseer.

 The Dungeons of Doom: levels 1 to 7
    Level 1:
    Level 2:
    Level 3:
       A potion shop.
       Stairs down to The Gnomish Mines.
    Level 4:
       A fountain.
    Level 6: <- You were here.
       A general store, a fountain.
       Final resting place for
          you, killed by a little dog.
    Level 7:
 The Gnomish Mines:
    Level 4:
       Final resting place for
          GregLordOfLeg-Arc-Hum-Fem-Neu, killed by a rothe.


Vanquished creatures:
  a fog cloud
  3 orc zombies
  3 dwarf zombies
 an iguana
  a hobbit
  a giant rat
  2 gnome zombies
  3 geckos
  6 jackals
  5 goblins
  a sewer rat
  5 grid bugs
  3 lichens
  2 kobold zombies
  6 newts
43 creatures vanquished.

No species were genocided or became extinct.

Game over:
                       ----------
                      /          \
                     /    REST    \
                    /      IN      \
                   /     PEACE      \
                  /                  \
                  |   CheBegorr4h    |
                  |      98 Au       |
                  |   killed by a    |
                  |    little dog    |
                  |                  |
                  |                  |
                  |       2026       |
                 *|     *  *  *      | *
        _________)/\\_//(\/(/\)/\//\/|_)_______

Aloha CheBegorr4h the Tourist...

You died in The Dungeons of Doom on dungeon level 6 with 702 points,
and 98 pieces of gold, after 2195 moves.
You were level 3 with a maximum of 31 hit points when you died.

